 Dungeon Crawl Stone Soup version 0.17.1-2-g5865329 (webtiles) character file.

510 SaintRoka the Skirmisher (level 6, -5/49 HPs)
             Began as a Mummy Chaos Knight on Jan 24, 2016.
             Slain by Grinder the tentacled monstrosity (10 damage)
             ... on level 4 of the Dungeon.
             The game lasted 00:09:51 (3799 turns).

SaintRoka the Skirmisher (Mummy Chaos Knight)       Turns: 3799, Time: 00:10:21

Health: -5/49      AC:  9    Str: 17    XL:     6   Next: 98%
Magic:  0/7        EV:  4    Int: 12    God:    Xom [...*..]
Gold:   146        SH:  0    Dex: 11    Spells: 0 memorised, 5 levels left

rFire  x . .     SeeInvis .     a - +0 spear (chaos)
rCold  + + .     Clarity  .     h - +0 chain mail
rNeg   + + +     SustAt   .     (no shield)
rPois  ∞         Gourm    .     (no helmet)
rElec  .         Spirit   +     (no cloak)
rCorr  .         Warding  .     (no gloves)
rMut   .         Stasis   .     (no boots)
MR     .....                    g - amulet of guardian spirit
Stlth  ..........               (no ring)
                                p - ring of protection from cold

@: about to teleport, constricted, not resistant to hostile enchantments,
extremely unstealthy
A: no food or potions, fire vulnerability, cold resistance 1, negative energy
resistance 3, torment resistance, unbreathing
a: Renounce Religion


You were on level 4 of the Dungeon.
You worshipped Xom.
You were a favourite toy of Xom.
You were not hungry.

You visited 1 branch of the dungeon, and saw 5 of its levels.

You collected 146 gold pieces.

Inventory:

Hand Weapons
 a - a +0 spear of chaos (weapon)
Missiles
 k - 4 javelins (quivered)
Armour
 c - a +0 scale mail
 h - a +0 chain mail (worn)
 i - a +2 leather armour
 q - a +0 ring mail
 t - a +2 leather armour of cold resistance
Rods
 b - a +5 rod of destruction (11/11)
   (Xom gifted it to you on level 1 of the Dungeon)
 s - a +0 rod of ignition (12/12)
   (You found it on level 3 of the Dungeon)
Jewellery
 g - an amulet of guardian spirit (around neck)
 j - an uncursed amulet of stasis {unknown}
 p - a ring of protection from cold (left hand)
Wands
 r - a wand of random effects (23)
Scrolls
 d - a scroll of recharging {unknown}
 e - 2 scrolls of random uselessness {unknown}
 f - a scroll of remove curse {unknown}
 l - a scroll of enchant weapon {unknown}
 m - 2 scrolls of magic mapping
 n - a scroll of immolation
 o - a scroll of identify {unknown}
 u - a scroll of teleportation


   Skills:
 + Level 4.4 Fighting
 + Level 4.0 Polearms
 + Level 3.5 Armour
 - Level 0.7 Dodging
 + Level 2.6 Evocations


You had 5 spell levels left.
You didn't know any spells.

Dungeon Overview and Level Annotations

Branches:
Dungeon (5/15)
 Temple: D:4-7

Altars:
Gozag
Sif Muna

Annotations:
D:4 Grinder


Innate Abilities, Weirdness & Mutations

You do not eat or drink.
Your flesh is vulnerable to fire.
You are immune to poison.
Your flesh is cold resistant.
You are immune to negative energy.
You are immune to unholy pain and torment.
You can survive without breathing.


Message History

Unknown command.
Grinder tentacle-slaps you!
* * * LOW HITPOINT WARNING * * *
Xom thinks this is hilarious!
Grinder tentacle-slaps you!
* * * LOW HITPOINT WARNING * * *
Grinder tentacle-slaps you.
* * * LOW HITPOINT WARNING * * *
Grinder grabs you.
* * * LOW HITPOINT WARNING * * *
Grinder constricts you!
Read which item? (? for menu, Esc to quit)
As you read the scroll labeled KAIPHE INNET, it crumbles to dust.
You feel strangely unstable.
It was a scroll of teleportation.
Grinder tentacle-slaps you.
* * * LOW HITPOINT WARNING * * *
Xom roars with laughter!
Grinder tentacle-slaps you!
You die...
Xom chortles!

#...#############.####.##
#.### #...,,* #.......##
#.# #...,,* ####.....##
#.# #...,, ##.......##
#.# *.....* #.........#
#.# *,...,* ##.......##
#.# #######.#** ##.....##
#.#
#.....#.#########...##
#.###..........X@......##
#..........!.###########*
*** #####........#
*,,,,,, * ,, #.<......#
*,*****,*###* *,*
##..#.#..# *, ****,*#...
,* #..#....#
*,**,,,,*#... *,*
#.......# *,**,* , #...
,* #.####..# *,* **.###.#
*,* #.......#
*,,,..,......


You could see Grinder the tentacled monstrosity.

Vanquished Creatures
  Eustachio (D:4)
  4 orc priests
  A hound (D:4)
  2 worker ants
  An orc wizard (D:4)
  A giant frog skeleton (D:4)
  5 adders
  2 worms
  A giant gecko (D:4)
  11 orcs
  2 giant cockroaches (D:2)
  9 hobgoblins
  A quokka (D:2)
  A ball python (D:3)
  8 bats
  3 giant newts
  9 goblins
  A jackal zombie (D:3)
  9 kobolds
  6 rats
78 creatures vanquished.

Vanquished Creatures (collateral kills)
  A worm (D:4)
1 creature vanquished.

Grand Total: 79 creatures vanquished

Notes
Turn   | Place    | Note
--------------------------------------------------------------
     0 | D:1      | SaintRoka the Mummy Chaos Knight began the quest for the Orb.
     0 | D:1      | Reached XP level 1. HP: 18/18 MP: 1/1
   163 | D:1      | XOM: divination: detect items
   627 | D:1      | Reached XP level 2. HP: 22/24 MP: 2/2
   890 | D:1      | XOM: god gift: thick glowing rod {god gift}
   928 | D:1      | XOM: divination: detect creatures
   949 | D:1      | XOM: god gift: scimitar {god gift}
   964 | D:1      | Identified a +5 rod of destruction (11/11) (Xom gifted it to you on level 1 of the Dungeon)
   990 | D:2      | XOM: snakes to sticks
  1040 | D:2      | Reached XP level 3. HP: 21/29 MP: 1/3
  1191 | D:2      | XOM: 9-stop teleportation journey
  1250 | D:2      | You fall through a shaft!
  1269 | D:2      | XOM: god gift: scale mail {god gift}
  1504 | D:2      | XOM: 4-stop teleportation journey
  1560 | D:2      | XOM is BORED!
  1560 | D:2      | XOM: harmless Trmt miscast
  1941 | D:2      | XOM: divination: detect creatures
  1944 | D:2      | Reached skill level 1 in Evocations
  1944 | D:2      | Reached XP level 4. HP: 25/35 MP: 2/4
  2139 | D:2      | Found a deep blue altar of Sif Muna.
  2188 | D:2      | XOM: harmless Tloc miscast
  2349 | D:3      | Found an opulent altar of Gozag.
  2433 | D:3      | XOM: harmless Pois miscast
  2444 | D:2      | XOM: enchant monster (good)
  2786 | D:3      | XOM: noise
  2854 | D:3      | XOM: confuse monster(s)
  2883 | D:3      | Reached XP level 5. HP: 37/42 MP: 6/6
  3029 | D:3      | XOM: harmless Summ miscast
  3040 | D:3      | Reached skill level 4 in Fighting
  3048 | D:3      | XOM: medium Hex miscast
  3264 | D:3      | Identified a +0 rod of ignition (12/12) (You found it on level 3 of the Dungeon)
  3343 | D:4      | Noticed a phantom
  3357 | D:3      | XOM: silly message
  3453 | D:4      | Reached XP level 6. HP: 45/48 MP: 5/7
  3557 | D:4      | XOM: noise
  3564 | D:4      | Noticed Eustachio
  3568 | D:4      | XOM: silly message
  3589 | D:5      | Entered Level 5 of the Dungeon
  3604 | D:4      | XOM: repel stairs
  3608 | D:4      | Killed Eustachio
  3639 | D:4      | XOM: polymorph iguana -> worm
  3645 | D:4      | XOM: enchant monster (bad)
  3647 | D:4      | XOM: swap monsters
  3654 | D:4      | XOM: summons 6 friendly demons
  3756 | D:4      | XOM: divination: magic mapping
  3783 | D:4      | Noticed Grinder
  3783 | D:4      | Paralysed by Grinder for 2 turns
  3794 | D:4      | Noticed Grinder
  3794 | D:4      | Grinder changed into Grinder the tentacled monstrosity
  3794 | D:4      | XOM: polymorph Grinder -> Grinder the tentacled monstrosity
  3795 | D:4      | lol
  3799 | D:4      | Slain by Grinder the tentacled monstrosity

Action                   |  1- 3 |  4- 6 || total
-------------------------+-------+-------++-------
Melee: Spear             |   194 |   210 ||   404
Evoke: Rod               |       |     3 ||     3
  Use: Scroll            |     1 |     2 ||     3
 Stab: Paralysed         |     1 |     4 ||     5
       Petrified         |     2 |       ||     2
       Sleeping          |     1 |       ||     1
       Confused          |       |     1 ||     1
       Petrifying        |       |     1 ||     1
       Distracted        |       |     1 ||     1
